MLB
SAN DIEGO PADRES @ COLORADO ROCKIES
05/11/2019
 
TOP OF THE 1ST
San Diego Padres batting - Pitching for Colorado Rockies : LHP Tyler Skaggs
Pitching: LHP Tyler Skaggs
Batting: RHB Lorenzo Cain 0-0: Ball
1-0: Called Strike
1-1: Called Strike
1-2: Strikes out swinging
Batting: SHB Carlos Santana 0-0: Swinging Strike
0-1: Ball
1-1: SINGLE (Groundball, 6MD, EV 103.8 MPH)
Batting: RHB Jose Altuve 0-0: Called Strike
0-1: Fly out, F8 (Flyball, 8RD, EV 91.3 MPH)
Batting: RHB Hunter Renfroe 0-0: Called Strike
0-1: Fly out, F7 (Flyball, 7S, EV 86.3 MPH)
Top of the 1st over - 0 runs, 1 hit, 0 errors, 1 left on base; San Diego 0 - Colorado 0
BOTTOM OF THE 1ST
Colorado Rockies batting - Pitching for San Diego Padres : RHP R.J. Alvarez
Pitching: RHP R.J. Alvarez
Batting: LHB Jake Bauers 0-0: Foul Ball, location: 2F
0-1: Called Strike
0-2: Foul Ball, location: 2F
0-2: SINGLE (Groundball, 6D, EV 104.4 MPH)
Batting: LHB Tommy La Stella 0-0: Ball
1-0: Fly out, F7 (Flyball, 7, EV 96.3 MPH)
Batting: RHB Mike Trout 0-0: SINGLE (Groundball, 34D, EV 104.4 MPH)
Jake Bauers to second
Runner from 2nd tries for 3rd, SAFE, no throw by RF
Batting: RHB Bryce Brentz 0-0: Ball
1-0: Called Strike
1-1: Foul Ball, location: 2F
1-2: Ball
2-2: Foul Ball, location: 2F
2-2: Strikes out swinging
Batting: RHB Brandon Drury 0-0: Ball
1-0: Called Strike
1-1: Swinging Strike
1-2: Fly out, F4 (Popup, 4S, EV 86.3 MPH)
Bottom of the 1st over - 0 runs, 2 hits, 0 errors, 2 left on base; San Diego 0 - Colorado 0
TOP OF THE 2ND
San Diego Padres batting - Pitching for Colorado Rockies : LHP Tyler Skaggs
Batting: RHB Yadier Molina 0-0: Swinging Strike
0-1: Called Strike
0-2: Ground out 6-3 (Groundball, 6, EV 80.6 MPH)
Batting: RHB Amed Rosario 0-0: Ball
1-0: Called Strike
1-1: Swinging Strike
1-2: Strikes out swinging
Batting: RHB Mitch Haniger 0-0: Ball
1-0: Ball
2-0: Ground out 6-3 (Groundball, 6D, EV 90.0 MPH)
Top of the 2nd over - 0 runs, 0 hits, 0 errors, 0 left on base; San Diego 0 - Colorado 0
BOTTOM OF THE 2ND
Colorado Rockies batting - Pitching for San Diego Padres : RHP R.J. Alvarez
Pitching: LHP Mike Minor
Batting: LHB Patrick Mazeika 0-0: Called Strike
0-1: Ball
1-1: Foul Ball, location: 2F
1-2: Ball
2-2: Foul Ball, location: 2F
2-2: Ball
3-2: Strikes out looking
Batting: RHB Dustin Peterson 0-0: Ball
1-0: Ball
2-0: Called Strike
2-1: Ball
3-1: Foul Ball, location: 2F
3-2: Ground out 6-3 (Groundball, 6, EV 84.4 MPH)
Batting: RHB JaCoby Jones 0-0: Ball
1-0: Ball
2-0: Foul Ball, location: 2F
2-1: Ball
3-1: Called Strike
3-2: Strikes out looking
Bottom of the 2nd over - 0 runs, 0 hits, 0 errors, 0 left on base; San Diego 0 - Colorado 0
TOP OF THE 3RD
San Diego Padres batting - Pitching for Colorado Rockies : LHP Tyler Skaggs
Batting: SHB Johan Camargo 0-0: Swinging Strike
0-1: Ball
1-1: Fly out, F7 (Line Drive, 7D, EV 90.0 MPH)
Batting: RHB Mike Minor 0-0: Ball
1-0: Ball
2-0: Called Strike
2-1: Ball
3-1: Swinging Strike
3-2: Foul Ball, location: 2F
3-2: Strikes out swinging
Batting: RHB Lorenzo Cain 0-0: Ball
1-0: Ball
2-0: Ball
3-0: Base on Balls
Batting: SHB Carlos Santana 0-0: Ball
1-0: Called Strike
1-1: Ball
Lorenzo Cain steals 2nd base
2-1: Ball
3-1: Called Strike
3-2: Foul Ball, location: 2F
3-2: Base on Balls
Batting: RHB Jose Altuve 0-0: Ball
1-0: Called Strike
1-1: Ball
2-1: Foul Ball, location: 2F
2-2: Strikes out swinging
Top of the 3rd over - 0 runs, 0 hits, 0 errors, 2 left on base; San Diego 0 - Colorado 0
BOTTOM OF THE 3RD
Colorado Rockies batting - Pitching for San Diego Padres : LHP Mike Minor
Batting: LHB Tyler Skaggs 0-0: Fly out, F8 (Flyball, 8LM, EV 88.1 MPH)
Batting: LHB Jake Bauers 0-0: Ball
1-0: Swinging Strike
1-1: Called Strike
1-2: Ball
2-2: Foul Ball, location: 2F
2-2: Foul Ball, location: 2F
2-2: Foul Ball, location: 2F
2-2: Strikes out swinging
Batting: LHB Tommy La Stella 0-0: Ball
1-0: Fly out, F8 (Line Drive, 8LD, EV 90.0 MPH)
Bottom of the 3rd over - 0 runs, 0 hits, 0 errors, 0 left on base; San Diego 0 - Colorado 0
TOP OF THE 4TH
San Diego Padres batting - Pitching for Colorado Rockies : LHP Tyler Skaggs
Batting: RHB Hunter Renfroe 0-0: Foul Ball, location: 2F
0-1: Ball
1-1: Swinging Strike
1-2: SINGLE (Groundball, 56D, EV 108.8 MPH)
Batting: RHB Yadier Molina 0-0: Called Strike
0-1: Fly out, F6 (Popup, P, EV 85.6 MPH)
Batting: RHB Amed Rosario 0-0: Called Strike
0-1: Ball
1-1: Ball
2-1: Ball
3-1: Called Strike
3-2: Foul Ball, location: 2F
3-2: Strikes out swinging
Hunter Renfroe steals 2nd base
Batter strikes out.
Batting: RHB Mitch Haniger 0-0: Foul Ball, location: 2F
0-1: Called Strike
0-2: Ball
1-2: Foul Ball, location: 2F
1-2: Ball
2-2: Foul Ball, location: 2F
2-2: Fly out, F7 (Line Drive, 7, EV 96.3 MPH)
Top of the 4th over - 0 runs, 1 hit, 0 errors, 1 left on base; San Diego 0 - Colorado 0
BOTTOM OF THE 4TH
Colorado Rockies batting - Pitching for San Diego Padres : LHP Mike Minor
Batting: RHB Mike Trout 0-0: Ball
1-0: Swinging Strike
1-1: Foul Ball, location: 2F
1-2: Foul Ball, location: 2F
1-2: Ball
2-2: Ball
3-2: Base on Balls
Batting: RHB Bryce Brentz 0-0: Ball
1-0: Ball
2-0: Foul Ball, location: 2F
2-1: Ball
3-1: Base on Balls
Mike Trout to second
Batting: RHB Brandon Drury 0-0: Ball
Wild Pitch!
Mike Trout to third
Bryce Brentz to second
1-0: Ball
2-0: Called Strike
2-1: Fly out, F8 (Flyball, 8LD, EV 93.8 MPH)
Runner from 3rd tags up, SCORES, throw by CF
Bryce Brentz to third
Batting: LHB Patrick Mazeika 0-0: Ball
1-0: Swinging Strike
1-1: DOUBLE (Line Drive, 78D, EV 102.5 MPH)
Bryce Brentz scores
Batting: RHB Dustin Peterson 0-0: Called Strike
0-1: SINGLE (Groundball, 56D, EV 95.6 MPH)
Patrick Mazeika to third
Batting: RHB JaCoby Jones 0-0: Called Strike
0-1: Swinging Strike
0-2: Strikes out swinging
Batting: LHB Tyler Skaggs 0-0: Swinging Strike
0-1: Fly out, F4 (Popup, 4D, EV 67.5 MPH)
Bottom of the 4th over - 2 runs, 2 hits, 0 errors, 2 left on base; San Diego 0 - Colorado 2
TOP OF THE 5TH
San Diego Padres batting - Pitching for Colorado Rockies : LHP Tyler Skaggs
Batting: SHB Johan Camargo 0-0: TRIPLE (Flyball, 8LXD, EV 105.0 MPH)
Batting: RHB Mike Minor 0-0: Ball
1-0: Foul Ball, location: 2F
1-1: Called Strike
1-2: Foul Ball, location: 2F
1-2: SINGLE (Groundball, 56, EV 104.4 MPH) (infield hit)
Johan Camargo scores
Batting: RHB Lorenzo Cain 0-0: Ball
1-0: Ball
2-0: Ball
3-0: Called Strike
3-1: Foul Ball, location: 2F
3-2: Base on Balls
Mike Minor to second
Batting: SHB Carlos Santana 0-0: Called Strike
0-1: Ball
1-1: Ball
2-1: Foul Ball, location: 2F
2-2: Ball
3-2: Foul Ball, location: 2F
3-2: SINGLE (Groundball, 56D, EV 109.4 MPH)
Mike Minor to third
Lorenzo Cain to second
Runner from 3rd tries for Home, SAFE, throw by LF to home
Batting: RHB Jose Altuve 0-0: Ball
1-0: Fly out, F8 (Line Drive, 8LD, EV 94.4 MPH)
Batting: RHB Hunter Renfroe 0-0: Ball
1-0: Ball
2-0: Ball
3-0: Called Strike
3-1: Base on Balls
Lorenzo Cain to third
Carlos Santana to second
Pitching: LHP Kodi Medeiros
Batting: RHB Yadier Molina 0-0: Ball
1-0: Grounds into double play, 6-4-3 (Groundball, 6, EV 91.3 MPH)
Top of the 5th over - 2 runs, 3 hits, 0 errors, 2 left on base; San Diego 2 - Colorado 2
BOTTOM OF THE 5TH
Colorado Rockies batting - Pitching for San Diego Padres : LHP Mike Minor
Batting: LHB Jake Bauers 0-0: Fly out, F9 (Line Drive, 9, EV 100.6 MPH)
Batting: LHB Tommy La Stella 0-0: SOLO HOME RUN (Flyball, 9D, EV 105.0 MPH), Distance : 366 ft
Batting: RHB Mike Trout 0-0: Ball
1-0: Swinging Strike
1-1: Fly out, F9 (Flyball, 9S, EV 86.9 MPH)
Batting: RHB Bryce Brentz 0-0: Ball
1-0: Ball
2-0: Ball
3-0: Called Strike
3-1: Base on Balls
Batting: RHB Brandon Drury 0-0: Ball
1-0: Called Strike
1-1: SINGLE (Groundball, 4MD, EV 106.3 MPH)
Bryce Brentz to second
Batting: LHB Patrick Mazeika 0-0: Called Strike
0-1: Fielders Choice at 2nd, U6 (Groundball, 6M, EV 81.9 MPH)
Bottom of the 5th over - 1 run, 2 hits, 0 errors, 2 left on base; San Diego 2 - Colorado 3
TOP OF THE 6TH
San Diego Padres batting - Pitching for Colorado Rockies : LHP Kodi Medeiros
Batting: RHB Amed Rosario 0-0: Called Strike
0-1: TRIPLE (Flyball, 89XD, EV 85.0 MPH)
Batting: RHB Mitch Haniger 0-0: SINGLE (Groundball, 6, EV 97.5 MPH) (infield hit)
Amed Rosario scores
Batting: SHB Johan Camargo 0-0: Reached on error, E6 (Groundball, 6, EV 88.1 MPH)
Mitch Haniger to second
Batting: RHB Mike Minor 0-0: Sac Bunt to 15S - play at third, runner safe!
Johan Camargo to second
Batting: RHB Lorenzo Cain 0-0: Ball
1-0: Ball
2-0: Ball
3-0: Called Strike
3-1: TRIPLE (Line Drive, 8RXD, EV 107.5 MPH)
Mitch Haniger scores
Johan Camargo scores
Mike Minor scores
Pitching: RHP Jon Harris
Batting: SHB Carlos Santana 0-0: Ball
1-0: Foul Ball, location: 2F
1-1: Called Strike
1-2: Strikes out swinging
Batting: RHB Jose Altuve 0-0: Ball
1-0: Ball
2-0: Foul Ball, location: 2F
2-1: SINGLE (Flyball, 9LS, EV 91.3 MPH)
Lorenzo Cain scores
Batting: RHB Hunter Renfroe 0-0: DOUBLE (Groundball, 5L, EV 101.9 MPH)
Jose Altuve to third
Runner from 3rd tries for Home, SAFE, throw by LF to trailing runner, SAFE at third!
Batting: RHB Yadier Molina 0-0: Ground out 6-3 (Groundball, 56, EV 111.3 MPH)
Hunter Renfroe scores
Batting: RHB Amed Rosario 0-0: Called Strike
0-1: Ball
1-1: Ball
2-1: SINGLE (Groundball, 6MD, EV 99.4 MPH)
Batting: RHB Mitch Haniger 0-0: Called Strike
0-1: Ball
1-1: Fielders Choice at 2nd, 6-4 (Groundball, 6, EV 105.0 MPH)
Top of the 6th over - 7 runs, 6 hits, 1 error, 1 left on base; San Diego 9 - Colorado 3
BOTTOM OF THE 6TH
Colorado Rockies batting - Pitching for San Diego Padres : LHP Mike Minor
Batting: RHB Dustin Peterson 0-0: Called Strike
0-1: Ball
1-1: Foul Ball, location: 2F
1-2: Ground out 5-3 (Groundball, 56S, EV 78.8 MPH)
Batting: RHB JaCoby Jones 0-0: Ball
1-0: Ball
2-0: Foul Ball, location: 2F
2-1: Swinging Strike
2-2: Fly out, F9 (Line Drive, 9, EV 98.1 MPH)
Pinch Hitting: RHB Marty Herum 0-0: Ball
1-0: Swinging Strike
1-1: Ball
2-1: Foul Ball, location: 2F
2-2: DOUBLE (Line Drive, 9LS, EV 100.0 MPH)
Batting: LHB Jake Bauers 0-0: Ball
1-0: Called Strike
1-1: Foul Ball, location: 2F
1-2: Foul Ball, location: 2F
1-2: Strikes out looking
Bottom of the 6th over - 0 runs, 1 hit, 0 errors, 1 left on base; San Diego 9 - Colorado 3
TOP OF THE 7TH
San Diego Padres batting - Pitching for Colorado Rockies : RHP Jon Harris
Pitching: RHP Kazuhisa Makita
Batting: SHB Johan Camargo 0-0: Called Strike
0-1: Fly out, F8 (Flyball, 8LM, EV 91.9 MPH)
Pinch Hitting: RHB David Bote 0-0: Ground out U3 (Groundball, 34, EV 83.8 MPH)
Batting: RHB Lorenzo Cain 0-0: Ball
1-0: Ball
2-0: Fly out, F9 (Flyball, 9D, EV 85.0 MPH)
Top of the 7th over - 0 runs, 0 hits, 0 errors, 0 left on base; San Diego 9 - Colorado 3
BOTTOM OF THE 7TH
Colorado Rockies batting - Pitching for San Diego Padres : LHP Mike Minor
Pitching: RHP Luis A. Garcia
Batting: LHB Tommy La Stella 0-0: Called Strike
0-1: Ball
1-1: Ball
2-1: Called Strike
2-2: Ball
3-2: Ground out 3-1 (Groundball, 3S, EV 88.8 MPH)
Batting: RHB Mike Trout 0-0: Called Strike
0-1: Ball
1-1: Called Strike
1-2: Foul Ball, location: 2F
1-2: Ball
2-2: Strikes out swinging
Batting: RHB Bryce Brentz 0-0: Ball
1-0: Ball
2-0: Called Strike
2-1: Called Strike
2-2: Foul Ball, location: 2F
2-2: Ball
3-2: Base on Balls
Batting: RHB Brandon Drury 0-0: Called Strike
0-1: Foul Ball, location: 2F
0-2: Ball
1-2: Ball
2-2: Ball
3-2: Foul Ball, location: 2F
3-2: Strikes out swinging
Bottom of the 7th over - 0 runs, 0 hits, 0 errors, 1 left on base; San Diego 9 - Colorado 3
TOP OF THE 8TH
San Diego Padres batting - Pitching for Colorado Rockies : RHP Kazuhisa Makita
Batting: SHB Carlos Santana 0-0: Ball
1-0: Foul Ball, location: 2F
1-1: Foul Ball, location: 2F
1-2: Ground out 1-3 (Groundball, 34S, EV 84.4 MPH)
Batting: RHB Jose Altuve 0-0: Ball
1-0: Ball
2-0: Called Strike
2-1: Foul Ball, location: 2F
2-2: Ground out 6-3 (Groundball, 6S, EV 83.8 MPH)
Batting: RHB Hunter Renfroe 0-0: DOUBLE (Line Drive, 89D, EV 110.0 MPH)
Batting: RHB Yadier Molina 0-0: Ball
1-0: Foul Ball, location: 2F
1-1: Foul Ball, location: 2F
1-2: Ball
2-2: Strikes out swinging
Top of the 8th over - 0 runs, 1 hit, 0 errors, 1 left on base; San Diego 9 - Colorado 3
BOTTOM OF THE 8TH
Colorado Rockies batting - Pitching for San Diego Padres : RHP Luis A. Garcia
Batting: LHB Patrick Mazeika 0-0: Called Strike
0-1: Swinging Strike
0-2: Ball
1-2: Ball
2-2: SINGLE (Groundball, 4D, EV 93.8 MPH)
Pitching: RHP Hunter Strickland
Batting: RHB Dustin Peterson 0-0: Swinging Strike
0-1: Ball
1-1: Ball
2-1: Fly out, F8 (Flyball, 89D, EV 106.9 MPH)
Batting: RHB JaCoby Jones 0-0: Foul Ball, location: 2F
0-1: Called Strike
0-2: Ball
1-2: Strikes out swinging
Pinch Hitting: LHB Viosergy Rosa 0-0: Called Strike
0-1: Ball
1-1: Ball
2-1: Ball
Pickoff Throw to First - Out! 1-3
Bottom of the 8th over - 0 runs, 1 hit, 0 errors, 0 left on base; San Diego 9 - Colorado 3
TOP OF THE 9TH
San Diego Padres batting - Pitching for Colorado Rockies : RHP Kazuhisa Makita
Pitching: RHP Mauricio Cabrera
Batting: RHB Amed Rosario 0-0: Swinging Strike
0-1: Swinging Strike
0-2: Ball
1-2: Foul Ball, location: 2F
1-2: Strikes out swinging
Batting: RHB Mitch Haniger 0-0: Ball
1-0: Ball
2-0: Swinging Strike
2-1: Fly out, F5 (Line Drive, 5, EV 62.5 MPH)
Batting: SHB Johan Camargo 0-0: Ball
1-0: Ball
2-0: Ball
3-0: Called Strike
3-1: Swinging Strike
3-2: Strikes out looking
Top of the 9th over - 0 runs, 0 hits, 0 errors, 0 left on base; San Diego 9 - Colorado 3
BOTTOM OF THE 9TH
Colorado Rockies batting - Pitching for San Diego Padres : RHP Hunter Strickland
Pinch Hitting: RHB Anthony Alford 0-0: Ball
1-0: Fly out, F8 (Flyball, 89D, EV 92.5 MPH)
Batting: LHB Jake Bauers 0-0: Ball
1-0: Foul Ball, location: 2F
1-1: Swinging Strike
1-2: Strikes out swinging
Batting: LHB Tommy La Stella 0-0: Called Strike
0-1: Ball
1-1: Ground out 1-3 (Groundball, 13, EV 80.6 MPH)
Bottom of the 9th over - 0 runs, 0 hits, 0 errors, 0 left on base; San Diego 9 - Colorado 3
Tuesday, August 13th, 2019 - OOTP Baseball 20.6 Build 54